 Dungeon Sprint DCSS version 0.31-a0-931-g7b59d4eb97 (webtiles) character file.

Game seed: 7968709685547814024

12653 sircluck the Brawler (level 11, -2/130 HPs)
             Began as a Troll Berserker on Oct 19, 2023.
             Was the Champion of Trog.
             Slain by Polyphemus (12 damage)
             ... in the Dungeon (Sprint VII: "The Pits").
             The game lasted 00:04:19 (1705 turns).

sircluck the Brawler (Troll Berserker)              Turns: 1705, Time: 00:04:20

Health: -2/130     AC: 10    Str: 34    XL:     11   Next: 65%
Magic:  10/10      EV: 16    Int:  3    God:    Trog [******]
Gold:   65         SH:  0    Dex:  9    Spells: 10/10 levels left

rFire   . .          .
                       - Unarmed
rCold   . . .        (no shield)
rNeg    . . .        r - +3 troll leather armour {Snorg}
rPois   .            (helmet restricted)
rElec   .            p - +0 cloak
rCorr   .            (gloves unavailable)
SInv    .            (boots unavailable)
Will    .....        (no amulet)
Stlth   +            k - +3 ring of strength
HPRegen 2.01/turn    n - +3 ring of evasion
MPRegen 0.12/turn

%: no teleportation
@: no status effects
A: large, unfitting armour, claws 3, regeneration 1, shaggy fur 1, tough skin 1
a: Renounce Religion, Berserk, Trog's Hand, Brothers in Arms


You were in the Dungeon.
You worshipped Trog.
Trog was exalted by your worship.
You visited 1 branch You collected 65 gold pieces.

Inventory:

Missiles
 q - 8 large rocks
Armour
 a - a +0 animal skin
 p - a +0 cloak (worn)
 r - a +3 troll leather armour (worn) {Snorg}
Jewellery
 k - a +3 ring of strength (left claw)
 n - a +3 ring of evasion (right claw)
 x - a ring of willpower
 z - a ring of ice
Wands
 s - a wand of paralysis (7)
 w - a wand of roots (4)
Scrolls
 g - 2 scrolls of blinking
 i - 2 scrolls of vulnerability
 j - a scroll of butterflies
 t - 10 scrolls of enchant weapon
 u - a scroll of identify
 v - 2 scrolls of fog
 y - a scroll of fear
 A - a scroll of poison
Potions
 b - 8 potions of curing
 c - 16 potions of heal wounds
 d - 4 potions of haste
 e - 4 potions of magic
 f - 4 potions of berserk rage
 h - 2 potions of invisibility
 l - 2 potions of resistance
 m - 2 potions of might
 o - a potion of mutation


   Skills:
 + Level 14.3 Fighting
 + Level 7.0 Armour
 + Level 14.1 Dodging
 + Level 16.6 Unarmed Combat


You had 10 spell levels left.
You didn't know any spells.
Your spell library was empty.

Dungeon Overview and Level Annotations

Branches:
Dungeon (1/1)

Altars:
Ashenzari
Cheibriados
Dithmenos
Elyvilon
Fedhas
Gozag
Hepliaklqana
Kikubaaqudgha
Makhleb
Nemelex Xobeh
Okawaru
Qazlal
Ru
Sif Muna
Trog
Uskayaw
Vehumet
Wu Jian
Xom
Yredelemnul
Zin
The Shining One
Jiyva
Lugonu

Annotations:
D Polyphemus


Innate Abilities, Weirdness & Mutations

You are too large for most types of armour.
You have claws for hands.
Your natural rate of healing is unusually fast.
You are covered in fur. (AC +1)
You have tough skin. (AC +1)


Message History

You mangle Polyphemus!! You claw Polyphemus, but do no damage.
Polyphemus is lightly wounded.
Polyphemus misses you. Polyphemus barely misses you.
You claw Polyphemus!
Polyphemus is lightly wounded.
You claw Polyphemus!
Polyphemus is moderately wounded.
Polyphemus closely misses you. x2
You mangle Polyphemus!!
Polyphemus is heavily wounded.
Polyphemus hits you!! x2
* * * LOW HITPOINT WARNING * * *
You barely miss Polyphemus.
Polyphemus is heavily wounded.
You mangle Polyphemus!!
Polyphemus is heavily wounded.
Polyphemus hits you but does no damage. Polyphemus barely misses you.
You scratch Polyphemus but do no damage.
Polyphemus is heavily wounded.
Polyphemus completely misses you. Polyphemus hits you!!
* * * LOW HITPOINT WARNING * * *
Unknown command.
Unknown command.
You feel much better. Polyphemus completely misses you. x2
Unknown command.
Unknown command.
You mangle Polyphemus!!
Polyphemus is severely wounded.
You mangle Polyphemus!!
Polyphemus is almost dead.
Polyphemus hits you!!
* * * LOW HITPOINT WARNING * * *
Polyphemus hits you but does no damage.
Unknown command.
You claw Polyphemus!
Polyphemus is almost dead.
Polyphemus shouts, "Attack, my pets!
Attack!"
Polyphemus completely misses you. Polyphemus hits you!
You die...
Polyphemus says, "You're nobody."

.+ .+ .# .# .#
.# .#
#++###########
.#
#.............
.#
#.....@C......
.#
#..###########
.# #..# ##
#..# ## #..#
.# #..# .#
#).# .# #.†#
.##########..#


You could see Polyphemus.

Vanquished Creatures
  Sonja (D)
  A deep elf zephyrmancer (D)
  2 phantasmal warriors (D)
  An ugly thing (D)
  A cyclops (D)
  An elephant (D)
  A guardian serpent (D)
  A kobold demonologist (D)
  A hellwing (D)
  A snapping turtle (D)
  2 flying skulls (D)
  A jumping spider (D)
  A fire bat (D)
  2 redbacks (D)
  A small abomination (D)
  An orc warrior (D)
  2 black bears (D)
  An ogre (D)
  An iron imp (D)
  An iguana (D)
  An orc wizard (D)
  2 white imps (D)
  5 orcs (D)
  A ball python (D)
  A bat skeleton (D)
  2 endoplasms (D)
  9 jackals (D)
  3 kobolds (D)
  A quokka (D)
  2 bats (D)
  A frilled lizard (D)
52 creatures vanquished.

Vanquished Creatures (collateral kills)
  Snorg (D)
  A hydra (D)
  A shadow wraith (D)
  2 bog bodies (D)
  Pikel (D)
  A deep elf pyromancer (D)
  An orc knight (D)
  A cyclops (D)
  A guardian serpent (D)
  A black mamba (D)
  A cane toad (D)
  A smoke demon (D)
  A hellwing (D)
  A hornet (D)
  A polar bear (D)
  A shadow (D)
  A redback (D)
  A warg (D)
  An orc warrior (D)
  A centaur (D)
  A lemure (D)
  3 wights (D)
  5 killer bees (D)
  An orc wizard (D)
  8 orcs (D)
  A goblin (D)
  A hobgoblin (D)
41 creatures vanquished.

Grand Total: 93 creatures vanquished

Notes
Turn   | Place    | Note
-------+----------+-------------------------------------------
     0 | D        | sircluck the Troll Berserker began the quest for the Orb.
     0 | D        | Reached XP level 1. HP: 22/22 MP: 0/0
   121 | D        | Found a bloodstained altar of Trog.
   121 | D        | Found a shimmering blue altar of Sif Muna.
   121 | D        | Found a viscous altar of Jiyva.
   121 | D        | Found a hazy altar of Hepliaklqana.
   121 | D        | Found an opulent altar of Gozag.
   122 | D        | Found a glowing golden altar of the Shining One.
   122 | D        | Found a glowing silver altar of Zin.
   122 | D        | Found a basalt altar of Yredelemnul.
   122 | D        | Found a shimmering altar of Xom.
   122 | D        | Found an ornate altar of the Wu Jian Council.
   122 | D        | Found a sacrificial altar of Ru.
   122 | D        | Found a stormy altar of Qazlal.
   122 | D        | Found an iron altar of Okawaru.
   122 | D        | Found a sparkling altar of Nemelex Xobeh.
   122 | D        | Found a burning altar of Makhleb.
   122 | D        | Found a blossoming altar of Fedhas.
   122 | D        | Found a white marble altar of Elyvilon.
   122 | D        | Found a shadowy altar of Dithmenos.
   122 | D        | Found a snail-covered altar of Cheibriados.
   125 | D        | Found a corrupted altar of Lugonu.
   125 | D        | Found a radiant altar of Vehumet.
   126 | D        | Found an ancient bone altar of Kikubaaqudgha.
   126 | D        | Found a hide-covered altar of Uskayaw.
   126 | D        | Found a broken altar of Ashenzari.
   161 | D        | Reached ** piety under Trog
   176 | D        | Reached *** piety under Trog
   177 | D        | Reached XP level 2. HP: 31/31 MP: 1/1
   189 | D        | Noticed an orc warrior
   191 | D        | Reached skill level 4 in Unarmed Combat
   191 | D        | Reached **** piety under Trog
   206 | D        | Killed an orc warrior
   206 | D        | Reached ***** piety under Trog
   207 | D        | Reached skill level 5 in Fighting
   207 | D        | Reached skill level 5 in Dodging
   207 | D        | Reached skill level 6 in Unarmed Combat
   207 | D        | Reached XP level 3. HP: 5/42 MP: 2/2
   207 | D        | Reached XP level 4. HP: 6/50 MP: 3/3
   212 | D        | Identified the +6 quarterstaff of the Forest {flame, *Slow
                  | rF++} (Trog gifted it to you in the Dungeon)
   212 | D        | Received a gift from Trog
   316 | D        | Reached XP level 5. HP: 58/58 MP: 4/4
   326 | D        | Noticed a flying skull
   338 | D        | Killed a flying skull
   339 | D        | Reached skill level 8 in Unarmed Combat
   339 | D        | Reached XP level 6. HP: 37/68 MP: 5/5
   390 | D        | Reached skill level 9 in Unarmed Combat
   393 | D        | Noticed a flying skull
   397 | D        | Reached ****** piety under Trog
   397 | D        | Received a gift from Trog
   407 | D        | Killed a flying skull
   408 | D        | Reached XP level 7. HP: 31/81 MP: 6/6
   410 | D        | Reached skill level 10 in Unarmed Combat
   457 | D        | Noticed a jumping spider
   600 | D        | Killed a jumping spider
   606 | D        | Noticed a fire bat
   612 | D        | Killed a fire bat
   613 | D        | Reached XP level 8. HP: 62/92 MP: 7/7
   643 | D        | Found the +7 lajatang of Order {silver, rMut}
   840 | D        | Noticed a red ugly thing
   852 | D        | Killed a red ugly thing
   853 | D        | Reached skill level 11 in Unarmed Combat
  1047 | D        | Noticed a cyclops
  1055 | D        | Killed a cyclops
  1055 | D        | Identified the +7 glaive of the End of Times {flame, rElec
                  | Str+6} (Trog gifted it to you in the Dungeon)
  1055 | D        | Received a gift from Trog
  1056 | D        | Reached skill level 10 in Fighting
  1056 | D        | Reached skill level 10 in Dodging
  1070 | D        | Noticed a black mamba
  1070 | D        | Noticed a deep elf pyromancer
  1070 | D        | Noticed a bog body
  1074 | D        | Killed a bog body
  1075 | D        | Reached skill level 12 in Unarmed Combat
  1075 | D        | Reached XP level 9. HP: 102/102 MP: 8/8
  1077 | D        | Killed a deep elf pyromancer
  1078 | D        | Reached skill level 13 in Unarmed Combat
  1078 | D        | Killed a black mamba
  1079 | D        | Received a gift from Trog
  1097 | D        | Noticed a bog body
  1098 | D        | Noticed an elephant
  1100 | D        | Killed a bog body
  1102 | D        | Killed an elephant
  1103 | D        | Reached XP level 10. HP: 110/115 MP: 9/9
  1104 | D        | Reached skill level 14 in Unarmed Combat
  1112 | D        | Received a gift from Trog
  1166 | D        | Noticed Snorg
  1168 | D        | Noticed a seven-headed hydra
  1173 | D        | Killed Snorg
  1174 | D        | Killed a seven-headed hydra
  1175 | D        | Reached skill level 1 in Armour
  1175 | D        | Noticed Pikel
  1178 | D        | Killed a shadow wraith
  1179 | D        | Reached skill level 15 in Unarmed Combat
  1180 | D        | Killed Pikel
  1196 | D        | Noticed a smoke demon
  1196 | D        | Noticed an orc knight
  1196 | D        | Noticed a cane toad
  1199 | D        | Noticed a guardian serpent
  1199 | D        | Received a gift from Trog
  1201 | D        | Noticed a phantasmal warrior
  1201 | D        | Killed a smoke demon
  1205 | D        | Killed a guardian serpent
  1206 | D        | Reached XP level 11. HP: 77/127 MP: 10/10
  1209 | D        | Killed a phantasmal warrior
  1213 | D        | Reached skill level 5 in Armour
  1225 | D        | Killed an orc knight
  1231 | D        | Reached skill level 16 in Unarmed Combat
  1231 | D        | Received a gift from Trog
  1343 | D        | Noticed Sonja
  1354 | D        | Paralysed by Sonja for 4 turns
  1405 | D        | Paralysed by Sonja for 2 turns
  1415 | D        | Paralysed by Sonja for 5 turns
  1420 | D        | Killed Sonja
  1599 | D        | Noticed a deep elf zephyrmancer
  1599 | D        | Noticed a phantasmal warrior
  1605 | D        | Killed a phantasmal warrior
  1620 | D        | Killed a deep elf zephyrmancer
  1620 | D        | Received a gift from Trog
  1684 | D        | Noticed Polyphemus
  1705 | D        | Slain by Polyphemus

Illustrated notes

Levels and vault maps discovered:
D:        pitsprint [storerooms_1, entrance_room_1, metal_vault_3, armoury_1,
          mini_pit_1, grid_room_1, main_hall_1, silver_pit, the_coven_2,
          the_vestibule_1, steel_vault_4, golden_pit, hallway_of_sentries,
          crystal_vault_4, iron_vault_4, final_vault]

Skill      XL: |  1  2  3  4  5  6  7  8  9 10 11 |
---------------+----------------------------------+-----
Fighting       | 3 5 6 8 9 10 12 13 14 | 14.3
Dodging        | 3 5 6 8 9 10 11 13 14 | 14.1
Unarmed Combat | 6 8 9 10 12 13 15 16 | 16.6
Armour         | 4 7 |  7.0

Action                     |  1- 3 |  4- 6 |  7- 9 | 10-12 || total
---------------------------+-------+-------+-------+-------++-------
  Melee: Unarmed           |    36 |    49 |    24 |    71 ||   180
         Punch             |     1 |     3 |       |     5 ||     9
 Invoke: Berserk           |     1 |       |     1 |       ||     2
         Brothers in Arms  |       |       |     1 |     5 ||     6
    Use: Potion            |       |       |       |     2 ||     2
 Armour: Animal skin       |    26 |    20 |    20 |    26 ||    92
         Troll leather arm |       |       |       |    60 ||    60
  Dodge: Dodged            |    18 |    24 |    15 |    70 ||   127

Table legend: (Time is in decaauts)
 A = Elapsed time spent in this place.
 B = Non-inter-level travel time spent in this place.
 C = Inter-level travel time spent in this place.
 D = Time resting spent in this place.
 E = Time spent auto-exploring this place.
 F = Levels seen in this place.
 G = Mean time per level.
                   A        B        C        D        E       F      G
               +--------+--------+--------+--------+--------+-----+--------+
         Total |   1723 |   1668 |     55 |    553 |    520 |   1 | 1723.0 |
       Dungeon |   1723 |   1668 |     55 |    553 |    520 |   1 | 1723.0 |
               +--------+--------+--------+--------+--------+-----+--------+

Top non-repeatable levels by time:
       D: 1723 daAuts
